Cogmind - Beta 9.4 @@@ ROGUE MODE // 2020.03.27 @ 20:52:11 Player: SHADOWELITE7 Result: Destroyed by Y-45 Defender with Heavy Assault Rifle Performance ------------- Evolutions (2) 1000 Regions Visited (3) 600 Robots Destroyed (31) 155 Value Destroyed (882) 882 Prototype IDs (1) 20 Alien Tech Used (0) 0 Bonus (0) 0 TOTAL SCORE: 2657 Bonus ------- None Cogmind --------- Core Integrity 0/550 Matter 70/300 Energy 100/100 System Corruption 0% Temperature Cool (9) Movement Core (600) Ox11 Location -8/Materials Parts ------- > --- POWER (2) -------- (None) > --- PROPULSION (2) --- (None) > --- UTILITY (4) ------ Large Storage Unit Large Storage Unit Advanced Targeting Computer > --- WEAPON (3) ------- Heavy Flail > --- INVENTORY (16) --- Core Analyzer Pulse Rifle Heavy Particle Gun Assault Rifle Precision Assault Rifle Precision Assault Rifle Missile Launcher Peak State ------------ > --- POWER ------------ Improved Deuterium Engine Improved Deuterium Engine > --- PROPULSION ------- Light Treads Light Treads > --- UTILITY ---------- Large Storage Unit Large Storage Unit Visual Processing Unit Advanced Targeting Computer > --- WEAPON ----------- Precision Assault Rifle Precision Assault Rifle Precision Assault Rifle > --- INVENTORY -------- Improved Sensor Array Core Analyzer Heavy Particle Gun Assault Rifle [Rating: 33] Favorites ----------- Power Light Ion Engine Engine Light Ion Engine Propulsion Light Treads Treads Light Treads Utility Large Storage Unit Device Improved Sensor Array Storage Large Storage Unit Processor Targeting Computer Weapon Precision Assault Rifle Energy Gun EM Pulse Gun Ballistic Gun Precision Assault Rifle Launcher Grenade Launcher Impact Weapon Heavy Flail Build | -11 -10 -9 -8 ------- Run | Scr Mat Mat Mat Slots Evolved 4 | . . 2 2 Power 1 | . . 1 . Propulsion . | . . . . Utility 2 | . . 1 1 Weapon 1 | . . . 1 Parts Attached 29 | 6 3 3 17 Power 4 | 1 . 1 2 Engine 4 | 1 . 1 2 Core . | . . . . Reactor . | . . . . Propulsion 3 | 2 . . 1 Treads 3 | 2 . . 1 Leg . | . . . . Wheel . | . . . . Hover . | . . . . Flight . | . . . . Utility 7 | 1 1 1 4 Device 1 | . . . 1 Storage 3 | 1 . . 2 Processor 3 | . 1 1 1 Hackware . | . . . . Protection . | . . . . Artifact . | . . . . Weapon 15 | 2 2 1 10 Energy Gun 2 | . 1 . 1 Energy Cannon . | . . . . Ballistic Gun 10 | 2 . 1 7 Ballistic Cannon . | . . . . Launcher 2 | . 1 . 1 Special Weapon . | . . . . Impact Weapon 1 | . . . 1 Slashing Weapon . | . . . . Piercing Weapon . | . . . . Special Melee Weapon . | . . . . Unidentified Prototypes 1 | . . . 1 Parts Lost 9 | . . 1 8 Power 4 | . . 1 3 Propulsion 2 | . . . 2 Utility 1 | . . . 1 Weapon 2 | . . . 2 Highest Loss Streak 3 | . . 1 3 Average Slot Usage (%) 92 | . 96 94 88 Engine 14 | . 14 18 12 Treads 20 | . 28 22 15 Storage 15 | . 14 11 17 Processor 15 | . 10 19 15 Energy Gun 5 | . 10 3 2 Ballistic Gun 12 | . 9 7 17 Launcher 6 | . 7 11 3 Naked Turns . | . . . . Heaviest Build 65 | 10 12 15 65 Greatest Support 40 | 40 40 40 40 Greatest Overweight (x) 21 | . . . 21 Average Overweight (x) . | . . . 1 Largest Inventory Capacity 16 | 6 6 6 16 Average Capacity 10 | 5 6 6 15 Most Carried 7 | 3 5 4 7 Average Carried 3 | 1 3 3 3 Final Capacity 16 | 6 6 6 16 Final Carried 7 | 2 4 3 7 Class Distribution -------------------- 65% | Mutant 17% | Bomber 17% | Gunner Dominant Class ---------------- Mutant | -10/Materials Mutant | -9/Materials Gunner | -8/Materials Resources | -11 -10 -9 -8 ----------- Run | Scr Mat Mat Mat Matter Collected 732 | 196 96 134 306 Remotely . | . . . . Salvage Created 938 | . 103 439 396 Parts 50 | . 3 30 17 Haulers Intercepted 2 | . . 2 . Recyclers Shooed . | . . . . Parts Field Recycled . | . . . . Retrieved Matter . | . . . . Parts Self-Destructed . | . . . . Prevented . | . . . . Kills | -11 -10 -9 -8 ------- Run | Scr Mat Mat Mat Combat Hostiles Destroyed 21 | . 2 9 10 Guns 11 | . 2 3 6 AOE 10 | . . 6 4 Classes Destroyed 10 | . 1 7 2 Worker 1 | . . 1 . Builder 2 | . . 2 . Hauler 2 | . . 2 . Recycler 3 | . . 3 . Watcher 2 | . . 1 1 Swarmer 4 | . . 4 . Grunt 12 | . 2 4 6 Brawler 1 | . . . 1 Sentry 3 | . . 1 2 Hunter 1 | . . . 1 Best Kill Streak 8 | . 2 8 3 Combat Bots Only 4 | . 2 4 3 Max Kills in Single Turn 4 | . 1 4 2 Gunslinging . | . . . . Exploded 2 | . . 2 2 Melee . | . . . . Uniques/NPCs Destroyed . | . . . . Combat | -11 -10 -9 -8 -------- Run | Scr Mat Mat Mat Damage Taken 2209 | . 200 342 1667 Core 654 | . 32 67 555 Absorbed by Shields . | . . . . Core Remaining (%) 90 | 100 87 83 . Volleys Fired 53 | . 9 15 29 Largest 3 | . 2 2 3 Hottest 106 | . 40 70 106 Shots Fired 117 | . 17 27 73 Gun 95 | . 16 15 64 Cannon . | . . . . Launcher 22 | . 1 12 9 Special . | . . . . Kinetic 89 | . 16 13 60 Thermal 4 | . . . 4 Explosive 22 | . 1 12 9 Electromagnetic 2 | . . 2 . Robot Hit Streak 17 | . 5 13 17 Robot Miss Streak 3 | . 1 3 2 Penetration Max . | . . . . Secondary Targets 1 | . 1 . . Max Gunslinging Chain 1 | . 1 . . Shots Hit Robots 93 | . 13 19 61 Core Hits 61 | . 5 27 29 Critical Hits 3 | . 2 . 1 Critical Kills 1 | . . . 1 Critical Parts Destroyed 2 | . 2 . . Melee Attacks 4 | . . . 4 Impact 4 | . . . 4 Slashing . | . . . . Piercing . | . . . . Sneak Attacks . | . . . . Combat Hostiles . | . . . . Follow-up Attacks . | . . . . Damage Inflicted 2983 | . 125 1455 1403 Guns 1160 | . 125 162 873 Cannons . | . . . . Explosions 1771 | . . 1289 482 Melee 48 | . . . 48 Ramming 4 | . . 4 . Kinetic 1079 | . 125 138 816 Thermal 109 | . . 52 57 Explosive 1719 | . . 1237 482 Electromagnetic 24 | . . 24 . Impact 48 | . . . 48 Slashing . | . . . . Piercing . | . . . . Highest Corruption . | . . . . Average Corruption . | . . . . Corruption Purged . | . . . . Overload Shots . | . . . . Overflow Damage 65 | . . 65 . Projectiles . | . . . . Explosions 65 | . . 65 . Melee . | . . . . Knockbacks . | . . . . Impact . | . . . . Kinetic . | . . . . Secondary . | . . . . Self-Inflicted Damage 110 | . . 97 13 Shots 5 | . . 3 2 Rammed 1 | . . 1 . Targets Rammed 1 | . . 1 . Kicked . | . . . . Crushed . | . . . . Highest Temperature 470 | . 19 39 470 Average Temperature 91 | . 11 12 108 Received Heat Transfer 795 | . 114 105 576 Effects 2 | . . . 2 Shutdowns 1 | . . . 1 Damage (minor) 1 | . . . 1 Siege Activations . | . . . . Robots Corrupted . | . . . . Combat Hostiles . | . . . . Parts Fried . | . . . . Impact Corruptions . | . . . . Robots Melted . | . . . . Combat Hostiles . | . . . . Parts Melted . | . . . . Heat Transferred 248 | . . 100 148 Parts Sabotaged . | . . . . Parts Stolen . | . . . . Parts Stripped . | . . . . Power Chain Reactions 1 | . . 1 . Missiles Intercepted . | . . . . Alert | -11 -10 -9 -8 ------- Run | Scr Mat Mat Mat Peak Influence 396 | . 55 396 249 Average Influence 97 | . 33 134 129 Maximum Alert Level 1 | . . 1 1 Low Security (%) 87 | 100 100 72 85 Level 1 12 | . . 27 14 Level 2 . | . . . . Level 3 . | . . . . Level 4 . | . . . . Level 5 . | . . . . High Security . | . . . . Max Security . | . . . . Squads Dispatched 3 | . 1 2 . Investigation . | . . . . Extermination . | . . . . Reinforcement 3 | . 1 2 . Assault . | . . . . Garrison . | . . . . Intercept . | . . . . Construction Impeded 1 | . . 1 . Haulers Reinforced . | . . . . Stealth | -11 -10 -9 -8 --------- Run | Scr Mat Mat Mat Distress Signals 2 | . . 2 . Communications Jammed . | . . . . Distress Signals . | . . . . Times Spotted 35 | . 6 13 16 Peak Tracking Total 5 | . 2 5 3 Tactical Retreats . | . . . . Traps | -11 -10 -9 -8 ------- Run | Scr Mat Mat Mat Traps Triggered . | . . . . Indirectly . | . . . . Trap Hack Attempts . | . . . . Triggered . | . . . . Disarmed . | . . . . Reprogrammed . | . . . . Reused . | . . . . Traps Extracted . | . . . . Installed . | . . . . Triggered . | . . . . Machines | -11 -10 -9 -8 ---------- Run | Scr Mat Mat Mat Machines Disabled 4 | . . 4 . Max in Single Turn 3 | . . 3 . Machines Sabotaged . | . . . . Garrisons Compromised . | . . . . Overloaded Fab Kills . | . . . . Fab Network Shutdowns . | . . . . Hacking | -11 -10 -9 -8 --------- Run | Scr Mat Mat Mat Machines Accessed 4 | . 2 1 1 Terminals 4 | . 2 1 1 Fabricators . | . . . . Repair Stations . | . . . . Recycling Units . | . . . . Scanalyzers . | . . . . Garrison Access . | . . . . Total Hacks 13 | . 9 2 2 Successful 7 | . 6 . 1 Failed 6 | . 3 2 1 Catastrophic . | . . . . Database Lockouts . | . . . . Manual . | . . . . Terminals 13 | . 9 2 2 Fabricators . | . . . . Repair Stations . | . . . . Recycling Units . | . . . . Scanalyzers . | . . . . Garrison Access . | . . . . Terminal Hacks 7 | . 6 . 1 Record 3 | . 3 . . Terminal Index 1 | . 1 . . Alert Level 1 | . 1 . . Patrol Status 1 | . . . 1 Hauler Manifests 1 | . 1 . . Fabricator Hacks . | . . . . Repair Station Hacks . | . . . . Recycling Unit Hacks . | . . . . Scanalyzer . | . . . . Garrison Access Hacks . | . . . . Unauthorized Hacks . | . . . . Terminals . | . . . . Fabricators . | . . . . Repair Stations . | . . . . Recycling Units . | . . . . Scanalyzers . | . . . . Garrison Access . | . . . . Data Cores Recovered . | . . . . Used . | . . . . Hacking Detections 4 | . 2 1 1 Full Trace Events 1 | . . 1 . Feedback Events . | . . . . Feedback Blocked . | . . . . Robot Schematics Acquired . | . . . . Robots Built . | . . . . Matter . | . . . . Time . | . . . . Total Robot Build Rating . | . . . . Part Schematics Acquired . | . . . . Parts Built . | . . . . Matter . | . . . . Time . | . . . . Total Part Build Rating . | . . . . Parts Repaired . | . . . . Time . | . . . . Parts Recycled . | . . . . Recycled Matter . | . . . . Retrieved Matter . | . . . . Retrieved Components . | . . . . Parts Scanalyzed . | . . . . Part Schematics Acquired . | . . . . Parts Damaged . | . . . . Bothacking | -11 -10 -9 -8 ------------ Run | Scr Mat Mat Mat Used RIF Installer . | . . . . Robots Hacked . | . . . . Non-combat . | . . . . Combat . | . . . . Robot Hacks Applied . | . . . . Relay Couplers Released . | . . . . Robots Rewired . | . . . . Allies Hacked . | . . . . Hacks Repelled . | . . . . Allies | -11 -10 -9 -8 -------- Run | Scr Mat Mat Mat Total Allies . | . . . . Largest Group . | . . . . Highest-Rated Group . | . . . . Highest-Rated Ally . | . . . . Total Orders . | . . . . Ally Attacks . | . . . . Total Damage . | . . . . Kills . | . . . . Allies Corrupted . | . . . . Allies Melted . | . . . . Intel | -11 -10 -9 -8 ------- Run | Scr Mat Mat Mat Robot Analysis Total . | . . . . Derelict Logs Recovered . | . . . . Drone Launches . | . . . . Drone Recoveries . | . . . . Exploration | -11 -10 -9 -8 ------------- Run | Scr Mat Mat Mat Turns Passed 2026 | 62 606 421 937 Spaces Moved 1027 | 34 358 233 402 Core 16 | 5 . . 11 Treads 1011 | 29 358 233 391 Legs . | . . . . Wheels . | . . . . Hover . | . . . . Flight . | . . . . Fastest Speed 50 | 50 160 160 160 Average Speed 172 | 143 160 160 193 Slowest Speed 1100 | 160 160 160 1100 Overloaded Moves . | . . . . Propulsion Burnouts . | . . . . Robots Hopped . | . . . . Cave-ins Triggered . | . . . . Exploration Rate (%) 23 | 3 47 20 25 Regions Visited 3 Branch Regions . Pre-discovered Areas . | . . . . Known Exits Taken . | . . . . Unknown Exits Taken 3 | 1 1 1 . Scrap Searched . | . . . . Spaces Dug 9 | . 9 . . Terrain Destroyed 148 | . 9 86 53 Melee . | . . . . Projectile . | . . . . AOE 148 | . 9 86 53 Actions | -11 -10 -9 -8 --------- Run | Scr Mat Mat Mat Total 1177 | 47 377 254 499 Wait 13 | . . . 13 Move 1024 | 33 357 232 402 Hop . | . . . . Pick Up 35 | 8 5 2 20 Fast Attach . | . . . . Attach 26 | 6 3 3 14 Detach 3 | . 1 . 2 Swap 3 | . . . 3 Drop 15 | . 2 1 12 Fire 53 | . 9 15 29 Melee 4 | . . . 4 Ram . | . . . . Kick . | . . . . Crush 1 | . . 1 . Escape Stasis . | . . . . Rewire . | . . . . Trap . | . . . . Miscellaneous . | . . . . Route ------- -11/Scrapyard -10/Materials -9/Materials -8/Materials History --------- Turn | Location | Event 16 | -11/Scrapyard | Discovered new exit (range 16) 63 | -11/Scrapyard | Entered Materials 318 | -10/Materials | Build established: Mutant 544 | -10/Materials | Discovered new exit (range 16) 669 | -10/Materials | Entered another Materials area 669 | -9/Materials | Evolved 2 slots: Power x1, Utility x1 1047 | -9/Materials | Discovered new exit (range 13) 1090 | -9/Materials | Entered another Materials area 1090 | -8/Materials | Evolved 2 slots: Utility x1, Weapon x1 1960 | -8/Materials | Core integrity fell below 50% 2007 | -8/Materials | Core integrity fell below 20% 2015 | -8/Materials | Lost 3 parts (2p1u) 2027 | -8/Materials | Destroyed by Y-45 Defender with Heavy Assault Rifle Last Messages --------------- 01810_ Acquired Missile Launcher. 01815_ Acquired Pulse Rifle. 01821_ Acquired Hvy. Flail. 01883_ Lgt. Treads destroyed. 01888_ Y-45 Defender destroyed. 01891_ W-25 Informer destroyed. 01895_ K-01 Serf collects debris. 01901_ Acquired 25 matter. 01901_ K-01 Serf collects debris. 01914_ Lgt. Treads destroyed. 01917_ K-01 Serf collects debris. 01933_ G-47 Trooper suffers critical hit. 01933_ G-47 Trooper destroyed. 01933_ K-01 Serf collects debris. 01948_ Destroyed Lgt. Armor Plating. 01948_ Imp. Deuterium Engine destroyed. 01951_ Dropped Prc. Assault Rifle. 01952_ Acquired 54 matter. 01966_ Imp. Deuterium Engine destroyed. 01984_ Imp. Sensor Array destroyed. Map ----- +----------------------------------------------------+ | | | | | ?????????????????????????????????????????????????? | | ????????????????????#?????????????????????????#### | | ????????????????????# ????????????????????????# " | | ?????????????????????! ""???####???????######## "" | | ????????????????????? ""???? ???????# """ # "" | | ?????????????????????? ""???? ""????# """ # | | ?????????????????????? ???? """""??# """ !# | | ???????????????????????]= ???? """""??# # "" | | ???????????????????????]= ????? """"???# [# "" | | ???????????????????????? ????? """???# # "" | | ???????????????????????? ?????? ????####+### | | ??????????????????????###+###??? ?????# ##"# | | ??????????????????????# #####+####### ! | | ??????????????????????# ! = ! = | | ??????????????????????# ! = ! ###### | | ??????????????????????# ![ #????# ## | | ??????????????????????# * ###+####?########### | | ??????????????????????## !%##????????# + | | ???????????????????????# =#?????????# == # | | ???????????????????????# #?????????# == # | | ???????????????????????# #?????????# == ### | | ???????????????????????# #?????????# #?# | | ???????????????????????# k#?????????# ""T"" ### | | ???????????????????????# @ #?????????# """"" ## | | ??????????????????????# Y #????????# ## | | ????????????????????? #???????############# | | ??????????????????? a #???????? "" ### | | ????????????????? #????????? """ ""S ### | | ????????????????####### #????????? """ "" + | | ??????????????????????###+###????????? """ ### | | ???????????????????????? ???????? #?# | | ???????????????????????? ??????? """ """ """ ### | | ???????????????????????? ????????""" """ """ # | | ???????????????????????? !?????????"" """ """ # | | ???????????????????????? ????????? ? # | | ???????????????????????? ??????????###+####### | | ???????????????????????? ????????????????????# | | ???????????????????????? ????????????????????## | | ????????????????????????###?????????????????????# | | ????????????????????????????????????????????????# | | ????????????????????????????????????????????????# | | ????????????????????????????????????????????????# | | ????????????????????????????????????????????????# | | ????????????????????????????????????????????????# | | ????????????????????????????????????????????????# | | ????????????????????????????????????????????????# | | ????????????????????????????????????????????##### | | ????????????????????????????????????????????#* * | +----------------------------------------------------+ Best States ------------- Heat Dissipation 31 Energy Generation 27 Energy Capacity 480 Matter Stores 300 Matter Capacity 300 Sight Range 18 Robot Scan Range 13 Terrain Scan Density 10 Evasion (%) 40 Targeting Accuracy 8 Recoil Reduction 2 Item Schematics ----------------- None Robot Schematics ------------------ None Fabricated ------------ Nothing Alien Tech Used ----------------- None Achievements -------------- None Challenges ------------ None Game ------ Seed WaveDeepCloak Manual? 0 Play Time 00:23:05 Cumulative 18.7 hours Start 2020.03.27 @ 20:23:11 End 2020.03.27 @ 20:52:11 Sessions 1 Manual Loads 0 Difficulty Rogue Special Mode None Game No. 80 Rogue 76 Adventurer 0 Explorer 4 Win Type - Total 0 Types 0/0/0/0/0/0/0 Lore% 21 Gallery% 17 Achievement% 17 Wizard Run 0 Options --------- ASCII 0 Keyboard 0 Movement Arrows Keybinds 0 Fullscreen 1 Font 18/X11 Map View 76x50 Tactical HUD 1 Map Filters NONE Filters NONE Steam 1 RUN: 3ac243cb-95a0-457d-9ded-60bcea91f2cc